 Dungeon Crawl Stone Soup version 0.25-a0-566-g062765be81 (webtiles) character file.

Game seed: 5068928910587233557, levelgen mode: deterministic

1483 Flugslaktarn the Cleaver (level 8, -1/71 HPs)
             Began as a Minotaur Fighter on Feb 28, 2020.
             Was a Believer of Makhleb.
             Slain by a hippogriff (9 damage)
             ... on level 7 of the Dungeon.
             The game lasted 00:01:54 (3742 turns).

Flugslaktarn the Cleaver (Minotaur Fighter)         Turns: 3742, Time: 00:01:54

Health: -1/71      AC: -3    Str: 23    XL:     8   Next: 50%
Magic:  9/9        EV:  5    Int:  5    God:    Makhleb [**....]
Gold:   166        SH: 10    Dex: 10    Spells: 7/7 levels left

rFire    . . .     SeeInvis .   a - +0 war axe
rCold    . . .     Gourm    .   c - +0 kite shield
rNeg     . . .     Faith    .   j - +0 plate armour
rPois    .         Spirit   .   (helmet restricted)
rElec    .         Reflect  .   (no cloak)
rCorr    .         Harm     .   (no gloves)
MR       .....                  (no boots)
Stlth    ..........             (no amulet)
HPRegen  0.21/turn              (no ring)
MPRegen  0.11/turn              (no ring)

@: corroded
A: retaliatory headbutt, horns 2
a: Minor Destruction, Renounce Religion


You were on level 7 of the Dungeon.
You worshipped Makhleb.
Makhleb was pleased with you.
You were not hungry.

You visited 2 branches of the dungeon, and saw 8 of its levels.
You also visited: Ossuary.

You collected 166 gold pieces.

Inventory:

Hand Weapons
 a - a +0 war axe (weapon)
Armour
 b - a +0 scale mail
 c - a +0 kite shield (worn)
 j - a +0 plate armour (worn)
   (You found it on level 4 of the Dungeon)
Jewellery
 o - an uncursed amulet of regeneration {unknown}
   (You found it on level 5 of the Dungeon)
Wands
 i - a wand of paralysis (11)
   (You found it on level 4 of the Dungeon)
 q - a wand of iceblast (9)
   (You found it on level 6 of the Dungeon)
 s - a wand of enslavement (12)
   (You found it on level 5 of the Dungeon)
 v - a wand of digging (10)
   (You found it on level 4 of the Dungeon)
Scrolls
 f - 2 scrolls of identify {unknown}
 k - a scroll of enchant weapon {unknown}
 l - a scroll of random uselessness {unknown}
 n - 3 scrolls of teleportation {unknown}
 r - a scroll of enchant armour {unknown}
 t - a scroll of magic mapping {unknown}
Potions
 d - 2 potions of might
 g - 7 potions of stabbing {unknown}
 h - 2 potions of brilliance {unknown}
 m - a potion of experience {unknown}
 p - a potion of invisibility {unknown}
 u - 2 potions of resistance {unknown}
Comestibles
 e - 9 rations
 w - a chunk of flesh


   Skills:
 + Level 6.4 Fighting
 * Level 8.0 Axes
 + Level 6.4 Armour
 + Level 6.4 Shields
 + Level 3.1 Invocations


You had 7 spell levels left.
You didn't know any spells.
Your spell library was empty.

Dungeon Overview and Level Annotations

Branches:
Dungeon (7/15)             Temple (1/1) D:5         Ossuary (visited)

Altars:
Ashenzari
Dithmenos
Elyvilon
Fedhas
Gozag
Hepliaklqana
Kikubaaqudgha
Makhleb
Nemelex Xobeh
Okawaru
Qazlal
Ru
Sif Muna
Trog
Vehumet
Xom
Yredelemnul
Zin
The Shining One


Innate Abilities, Weirdness & Mutations

You reflexively headbutt those who attack you in melee.
You have a pair of horns on your head.


Message History

The orc shouts!
You hit the jelly.
Your hands burn!
You headbutt the jelly, but do no damage.
The jelly is severely wounded.
You barely miss the orc warrior.
You hit the orc priest but do no damage.
You hit the hippogriff but do no damage.
The hippogriff bites you. The hippogriff pecks you.
You block the hippogriff's attack.
The orc warrior hits you with a +0 trident.
* * * LOW HITPOINT WARNING * * *
You block the gnoll's attack. The jelly hits you.
* * * LOW HITPOINT WARNING * * *
You are splashed with acid!
* * * LOW HITPOINT WARNING * * *
The orc priest hits you with a +0 hand axe.
* * * LOW HITPOINT WARNING * * *
An iguana comes into view.
The hippogriff barely misses you. The hippogriff pecks you!
You die...

.##...<..l...#.
....>..oo...... #
...)..o....... #.
#............
##.##............
#...##.......<...
.....##.Hooo.....
......#g.@J......
.._....g.....%...
)....#..........
....##..........
.. #<......##>#
#.......... .
########..#. #.#
..


You could see a hippogriff, an orc warrior, an iguana (wandering), a jelly, an
orc priest, 2 orc wizards, 2 gnolls and 2 orcs.

Vanquished Creatures
  A black bear (D:6)
  An ogre (D:5)
  A centaur (D:6)
  3 elf zombies (Ossuary)
  3 bullfrogs
  A wyvern skeleton (D:6)
  A scorpion (D:5)
  2 howler monkeys (D:7)
  A crimson imp (D:5)
  2 centaur zombies
  2 jellies
  3 hounds
  An orc priest (D:5)
  An orc wizard (D:3)
  3 bullfrog skeletons
  A worker ant (D:5)
  A killer bee zombie (D:6)
  2 big kobold zombies (Ossuary)
  A hound zombie (D:7)
  2 mummies (Ossuary)
  5 adders
  A worm (D:2)
  A dart slug (D:3)
  3 leopard geckos
  24 orcs
  2 bats
  A giant cockroach (D:3)
  A goblin (D:1)
  2 hobgoblins
  9 jackals
  A quokka (D:2)
  3 frilled lizards
  9 hobgoblin zombies (Ossuary)
  A jackal zombie (Ossuary)
  2 kobolds
  12 kobold zombies (Ossuary)
  A leopard gecko skeleton (D:4)
  8 orc zombies (Ossuary)
  A quokka zombie (D:5)
  A rat zombie (Ossuary)
121 creatures vanquished.

Vanquished Creatures (others)
  A plant (D:7)
1 creature vanquished.

Grand Total: 122 creatures vanquished

Notes
Turn   | Place    | Note
-------+----------+-------------------------------------------
     0 | D:1      | Flugslaktarn the Minotaur Fighter began the quest for the
                  | Orb.
     0 | D:1      | Reached XP level 1. HP: 19/19 MP: 0/0
   275 | D:2      | Reached XP level 2. HP: 17/27 MP: 1/1
   406 | D:2      | Reached skill level 3 in Axes
   443 | D:3      | Reached XP level 3. HP: 25/33 MP: 2/2
   464 | D:3      | Reached XP level 4. HP: 16/40 MP: 3/3
   907 | D:4      | Reached skill level 4 in Axes
  1729 | D:5      | Entered Level 5 of the Dungeon
  1760 | D:5      | Reached XP level 5. HP: 47/47 MP: 4/4
  1764 | D:5      | Noticed an ogre
  1774 | D:5      | Killed an ogre
  1774 | D:5      | Reached skill level 5 in Axes
  1943 | D:5      | Reached XP level 6. HP: 50/55 MP: 5/5
  2063 | D:5      | Found a staircase to the Ecumenical Temple.
  2073 | Temple   | Entered the Ecumenical Temple
  2138 | Temple   | Became a worshipper of Makhleb the Destroyer
  2159 | D:5      | Reached skill level 5 in Fighting
  2159 | D:5      | Reached skill level 5 in Armour
  2159 | D:5      | Reached skill level 5 in Shields
  2449 | D:5      | Reached skill level 1 in Invocations
  2556 | D:5      | Reached skill level 6 in Axes
  2556 | D:5      | Reached XP level 7. HP: 61/61 MP: 6/6
  2583 | D:5      | Found an ancient bone altar of Kikubaaqudgha.
  2583 | D:5      | Found a stormy altar of Qazlal.
  2588 | D:5      | Found an iron altar of Okawaru.
  2591 | D:5      | Found a shimmering blue altar of Sif Muna.
  2616 | D:5      | Found a faded altar of an unknown god.
  3247 | D:6      | Found a sand-covered staircase.
  3262 | Ossuary  | Entered an ossuary
  3305 | Ossuary  | Reached * piety under Makhleb
  3450 | Ossuary  | Reached skill level 7 in Axes
  3457 | Ossuary  | Reached XP level 8. HP: 50/70 MP: 8/8
  3569 | Ossuary  | Reached ** piety under Makhleb
  3722 | D:7      | Found a shattered altar of Ashenzari.
  3731 | D:7      | Reached skill level 8 in Axes
  3736 | D:7      | Noticed a hippogriff
  3742 | D:7      | Slain by a hippogriff

Levels and vault maps discovered:
D:1:      dpeg_arrival_rooms_c, layout_basic
D:2:      wad_woods_stonehenge, layout_basic, first_ration,
          kennysheep_generic_room_11
D:3:      layout_basic, old_standard_altar, lemuel_round_altar,
          chequers_ecumenical_altar_simple, chequers_decorated_corner,
          kennysheep_generic_room_14
D:4:      layout_rooms, serial_co_window_serial, co_window_corner_a,
          co_window_corner_a, co_window_paths_b, co_window_of_opportunity_a,
          co_window_paths_b, co_window_paths_b, co_window_of_opportunity_a,
          co_window_corner_a, co_window_paths_a, co_window_corner_b,
          co_window_corner_b, co_window_broadway_c, co_window_paths_d,
          co_window_4corner_a, glass_columns_b
D:5:      layout_loops_ring, chequers_temple_overflow_minitemple,
          minmay_temple_entry_tees
D:6:      layout_rooms, nicolae_ossuary_entry_monument
D:7:      layout_rooms, lemuel_round_altar, lemuel_crystal_altar,
          gammafunk_ghost_nasty_kobolds
Temple:   eino_temple_water

Skill      XL: |  1  2  3  4  5  6  7  8 |
---------------+-------------------------+-----
Axes           | 3 4 5 6 7 8 |  8.0
Fighting       | 4 5 6 |  6.4
Armour         | 4 5 6 |  6.4
Shields        | 4 5 6 |  6.4
Invocations    | 1 2 3 |  3.1

Action                   |  1- 3 |  4- 6 |  7- 9 || total
-------------------------+-------+-------+-------++-------
Melee: War axe           |    51 |   104 |   189 ||   344
       Headbutt          |     8 |    13 |    35 ||    56
  Eat: Chunk             |       |     2 |     2 ||     4
       Ration            |       |     1 |     1 ||     2
Armor: Scale mail        |    27 |     2 |       ||    29
       Plate armour      |       |    65 |   106 ||   171
Dodge: Dodged            |    25 |    23 |    34 ||    82
Block: Kite shield       |    23 |    72 |    87 ||   182

Table legend:
 A = Non-vault XP
 B = Vault XP
 C = Vault XP percentage of total XP
 D = Non-vault monster count
 E = Vault monster count
 F = Vault count percentage of total count
                 A         B        C        D         E       F
            +---------+---------+-------+---------+---------+-------
      Total |    1660 |     459 |  21.7 |      81 |      40 |  33.1
            +---------+---------+-------+---------+---------+-------
        D:1 |       8 |       0 |   0.0 |       5 |       0 |   0.0
        D:2 |       9 |       2 |  18.2 |       3 |       1 |  25.0
        D:3 |      82 |       0 |   0.0 |      14 |       0 |   0.0
        D:4 |      90 |       0 |   0.0 |      18 |       0 |   0.0
        D:5 |     643 |       0 |   0.0 |      25 |       0 |   0.0
        D:6 |     653 |       0 |   0.0 |      11 |       0 |   0.0
        D:7 |     175 |       0 |   0.0 |       5 |       0 |   0.0
    Ossuary |       0 |     457 | 100.0 |       0 |      39 | 100.0
            +---------+---------+-------+---------+---------+-------
